 Dungeon Crawl Stone Soup version 0.26.1-2-gb8aa6d0cf2 (webtiles) character file.

Game seed: 2027512835440361487

1075 0gre the Chiller (level 8, 0/58 HPs)
             Began as a Gnoll Ice Elementalist on Mar 7, 2021.
             Was an Initiate of Vehumet.
             Shot with an arrow by a centaur (5 damage)
             ... on level 5 of the Dungeon on Mar 8, 2021.
             The game lasted 00:24:39 (4265 turns).

0gre the Chiller (Gnoll Ice Elementalist)           Turns: 4265, Time: 00:24:40

Health: 0/58       AC:  6    Str: 19    XL:     8   Next: 29%
Magic:  24/26      EV: 15    Int: 20    God:    Vehumet [......]
Gold:   225        SH:  0    Dex: 16    Spells: 15/19 levels left

rFire    . . .     SeeInvis +   a - +0 flail
rCold    . . .     Faith    .   (no shield)
rNeg     + . .     Spirit   .   F - +1 leather armour of the Vacuum {rPois Will- Str+9 SInv}
rPois    +         Reflect  .   (no helmet)
rElec    .         Harm     .   K - +0 cloak
rCorr    .         Rampage  .   D - +0 pair of gloves
Will     .....                  (no boots)
Stlth    +++.......             (no amulet)
HPRegen  0.19/turn              C - ring of magical power
MPRegen  0.20/turn              p - ring of positive energy

@: no status effects
A: distributed training, fangs 1, strong nose
a: Renounce Religion


You were on level 5 of the Dungeon.
You worshipped Vehumet.
Vehumet was noncommittal.
You visited 1 branch of the dungeon, and saw 5 of its levels.

You collected 225 gold pieces.

Inventory:

Hand Weapons
 a - a +0 flail (weapon)
 b - a +0 hunting sling
 c - a +2 dagger of venom
Missiles
 g - 107 stones
 n - 61 arrows
 q - 5 javelins (quivered)
 z - 72 bolts
Armour
 e - a +0 robe
 x - quicksilver dragon scales
 D - a +0 pair of gloves (worn)
 F - the +1 leather armour of the Vacuum (worn) {rPois Will- Str+9 SInv}
   (You found it on level 4 of the Dungeon)

   It affects your strength (+9).
   It protects you from poison.
   It affects your willpower, your defense against some magical effects.
   It lets you see invisible.
 K - a +0 cloak (worn)
Jewellery
 p - a ring of positive energy (right hand)
 C - a ring of magical power (left hand)
 I - a cursed amulet of inaccuracy {unknown}
Wands
 E - a wand of enslavement (6)
 J - a wand of acid (4)
Scrolls
 d - 3 scrolls of teleportation {unknown}
 h - 2 scrolls of identify {unknown}
 j - a scroll of magic mapping {unknown}
 l - 2 scrolls of enchant weapon {unknown}
 r - 3 scrolls of remove curse {unknown}
 u - 2 scrolls of blinking {unknown}
 y - a scroll of fear {unknown}
 A - a scroll of fog {unknown}
 H - a scroll of random uselessness {unknown}
Potions
 f - a potion of brilliance {unknown}
 i - a potion of magic {unknown}
 k - a potion of mutation {unknown}
 m - a potion of flight {unknown}
 o - 5 potions of heal wounds {unknown}
 s - 2 potions of curing {unknown}
 t - a potion of berserk rage {unknown}
 v - 2 potions of cancellation {unknown}
 w - 2 potions of haste {unknown}
 B - a potion of degeneration {unknown}
 G - 2 potions of attraction {unknown}


   Skills:
 + Level 3.1 Fighting
 + Level 3.1 Short Blades
 + Level 3.1 Long Blades
 + Level 3.1 Axes
 + Level 3.1 Maces & Flails
 + Level 3.1 Polearms
 + Level 3.1 Staves
 + Level 3.1 Slings
 + Level 3.1 Bows
 + Level 3.1 Crossbows
 + Level 3.1 Throwing
 + Level 3.1 Armour
 + Level 5.6 Dodging
 + Level 5.3 Stealth
 + Level 3.1 Shields
 + Level 3.1 Unarmed Combat
 + Level 6.0 Spellcasting
 + Level 2.5 Conjurations
 + Level 2.5 Hexes
 + Level 2.5 Summonings
 + Level 2.5 Necromancy
 + Level 2.5 Translocations
 + Level 2.5 Transmutations
 + Level 2.5 Fire Magic
 + Level 7.6 Ice Magic
 + Level 2.5 Air Magic
 + Level 2.5 Earth Magic
 + Level 2.5 Poison Magic
 + Level 3.4 Invocations
 + Level 3.1 Evocations


You had 15 spell levels left.
You knew the following spells:

 Your Spells              Type           Power        Failure   Level
a - Freeze                Ice            100%         1%          1
b - Frozen Ramparts       Ice            72%          1%          3

Your spell library contained the following spells:

 Spells                   Type           Power        Failure   Level
 Ozocubu's Armour         Ice            36%          1%          3
 Beastly Appendage        Tmut           32%          4%          1
 Wereblood                Tmut           16%          7%          2
 Spider Form              Tmut/Pois      8%           13%         3
 Hailstorm                Conj/Ice       26%          16%         4
 Ice Form                 Ice/Tmut       26%          16%         4
 Summon Ice Beast         Ice/Summ       26%          16%         4
 Blade Hands              Tmut           8%           77%         5


Dungeon Overview and Level Annotations

Branches:
Dungeon (5/15)
 Temple: D:4-7

Altars:
Cheibriados
Sif Muna
Vehumet
Xom


Innate Abilities, Weirdness & Mutations

Your experience applies equally to all skills.
You have very sharp teeth.
Your uncanny sense of smell can sniff out nearby items.


Message History

The centaur shoots an arrow.
The arrow hits you!
The wall freezes Edmund!
Edmund hits you with a +1 dire flail of protection.
You barely miss Edmund.
Edmund is severely wounded.
The centaur shoots an arrow.
The arrow hits you.
The wall freezes Edmund.
Edmund completely misses you.
You sock Edmund!
You kill Edmund!
Vehumet accepts your kill.
The frozen ramparts melt away.
The centaur shoots an arrow.
The arrow hits you!
The centaur shoots an arrow.
The arrow hits you.
* * * LOW HITPOINT WARNING * * *
Your Spellcasting skill increases to level 6!
The centaur shoots an arrow.
The arrow barely misses you.
The centaur shoots an arrow.
The arrow barely misses you.
The centaur shoots an arrow.
The arrow hits you!
* * * LOW HITPOINT WARNING * * *
You see here an arrow.
The centaur shoots an arrow.
The arrow hits you.
You die...

............##.##..#....
...c....##.##...........
...............##...###.
#.###c#(...##..##...†P##
# #..).(........†..†...
#.##.(#....##......#†...
.......(.(.##...#.##....
.........(.##...#.##PP..
#.###.#@........#.##...#
# #.#....##...#..###.#
#...........### ###
############# # ########
♣♣♣♣♣##.......
#####♣♣♣.♣........... ∆
#...#♣..♣.♣....######
#...).♣♣♣♣......#####


You could see a centaur.

Vanquished Creatures
  Grinder (D:3)
  Sigmund (D:4)
  Edmund (D:5)
  Duvessa (D:4)
  A centaur (D:5)
  A big kobold (D:4)
  Crazy Yiuf (D:5)
  An orc priest (D:5)
  An iguana (D:5)
  Ijyb (D:5)
  An orc wizard (D:5)
  A worker ant (D:4)
  A worker ant zombie (D:5)
  5 adders
  2 oozes
  3 worms
  A dart slug (D:1)
  5 leopard geckos
  7 orcs
  8 bats
  4 giant cockroaches
  4 goblins
  6 hobgoblins
  6 jackals
  2 quokkas
  2 ball pythons
  8 frilled lizards
  6 kobolds (D:2)
  A leopard gecko skeleton (D:5)
  3 rats
86 creatures vanquished.

Vanquished Creatures (collateral kills)
  Dowan (D:4)
1 creature vanquished.

Vanquished Creatures (others)
  3 plants (D:5)
3 creatures vanquished.

Grand Total: 90 creatures vanquished

Notes
Turn   | Place    | Note
-------+----------+-------------------------------------------
     0 | D:1      | 0gre the Gnoll Ice Elementalist began the quest for the
                  | Orb.
     0 | D:1      | Reached XP level 1. HP: 13/13 MP: 6/6
   217 | D:1      | Reached XP level 2. HP: 19/19 MP: 7/7
   545 | D:1      | Reached skill level 5 in Spellcasting
   545 | D:1      | Reached XP level 3. HP: 24/25 MP: 9/9
   560 | D:1      | Learned a level 3 spell: Frozen Ramparts
   722 | D:2      | Reached skill level 1 in Invocations
   792 | D:2      | Reached skill level 1 in Fighting
   792 | D:2      | Reached skill level 1 in Short Blades
   792 | D:2      | Reached skill level 1 in Long Blades
   792 | D:2      | Reached skill level 1 in Axes
   792 | D:2      | Reached skill level 1 in Maces & Flails
   792 | D:2      | Reached skill level 1 in Polearms
   792 | D:2      | Reached skill level 1 in Staves
   792 | D:2      | Reached skill level 1 in Slings
   792 | D:2      | Reached skill level 1 in Bows
   792 | D:2      | Reached skill level 1 in Crossbows
   792 | D:2      | Reached skill level 1 in Throwing
   792 | D:2      | Reached skill level 1 in Armour
   792 | D:2      | Reached skill level 1 in Shields
   792 | D:2      | Reached skill level 1 in Unarmed Combat
   792 | D:2      | Reached skill level 1 in Evocations
   939 | D:2      | Reached XP level 4. HP: 32/32 MP: 11/11
  1503 | D:3      | Reached skill level 1 in Conjurations
  1503 | D:3      | Reached skill level 1 in Hexes
  1503 | D:3      | Reached skill level 1 in Summonings
  1503 | D:3      | Reached skill level 1 in Necromancy
  1503 | D:3      | Reached skill level 1 in Translocations
  1503 | D:3      | Reached skill level 1 in Transmutations
  1503 | D:3      | Reached skill level 1 in Fire Magic
  1503 | D:3      | Reached skill level 1 in Air Magic
  1503 | D:3      | Reached skill level 1 in Earth Magic
  1503 | D:3      | Reached skill level 1 in Poison Magic
  1587 | D:3      | Noticed Grinder
  1609 | D:3      | Killed Grinder
  1610 | D:3      | Reached skill level 5 in Dodging
  1610 | D:3      | Reached XP level 5. HP: 4/38 MP: 12/12
  1610 | D:3      | Reached XP level 6. HP: 5/44 MP: 14/14
  2114 | D:3      | Found a faded altar of an unknown god.
  2380 | D:4      | Got a brightly glowing leather armour
  2415 | D:4      | Noticed Duvessa
  2415 | D:4      | Noticed Dowan
  2625 | D:4      | Killed Dowan
  2648 | D:4      | Killed Duvessa
  2649 | D:4      | Reached XP level 7. HP: 9/50 MP: 15/15
  2928 | D:4      | Identified the +1 leather armour of the Vacuum {rPois Will-
                  | Str+9 SInv} (You found it on level 4 of the Dungeon)
  3013 | D:4      | Noticed Sigmund
  3020 | D:4      | Killed Sigmund
  3021 | D:4      | Reached skill level 5 in Stealth
  3068 | D:4      | Found a radiant altar of Vehumet.
  3208 | D:4      | Found a shimmering blue altar of Sif Muna.
  3211 | D:4      | Found a snail-covered altar of Cheibriados.
  3231 | D:4      | Found a shimmering altar of Xom.
  3293 | D:5      | Entered Level 5 of the Dungeon
  3318 | D:5      | Noticed Ijyb
  3328 | D:5      | Killed Ijyb
  3645 | D:5      | Found a runed translucent door.
  3646 | D:5      | Noticed Crazy Yiuf
  3656 | D:5      | Killed Crazy Yiuf
  3796 | D:5      | Reached XP level 8. HP: 32/57 MP: 16/16
  3994 | D:4      | Became a worshipper of Vehumet
  4251 | D:5      | Noticed Edmund
  4260 | D:5      | Killed Edmund
  4265 | D:5      | Shot with an arrow by a centaur

Illustrated notes

Levels and vault maps discovered:
D:1:      minmay_arrival_open_corners, layout_basic
D:2:      layout_loops_ring
D:3:      layout_basic, chequers_ecumenical_altar_simple, uniq_grinder
D:4:      layout_cave_pools, kennysheep_little_box,
          nicolae_overflow_hidden_temple, serial_column_ruins,
          column_ruins_grid_1, column_ruins_columns_straight,
          column_ruins_open_tiny_water, column_ruins_corridor_corner,
          column_ruins_corridor_T, column_ruins_grid_4, uniq_duvessa,
          uniq_sigmund
D:5:      layout_basic, grunt_temple_overflow_open, minmay_lizard_king,
          uniq_ijyb, uniq_edmund, uniq_crazy_yiuf_cottage

Skill      XL: |  1  2  3  4  5  6  7  8 |
---------------+-------------------------+-----
Spellcasting   | 5 6 |  6.0
Invocations    | 1 2 3 |  3.4
Fighting       | 1 2 3 |  3.1
Short Blades   | 1 2 3 |  3.1
Long Blades    | 1 2 3 |  3.1
Axes           | 1 2 3 |  3.1
Maces & Flails | 1 2 3 |  3.1
Polearms       | 1 2 3 |  3.1
Staves         | 1 2 3 |  3.1
Slings         | 1 2 3 |  3.1
Bows           | 1 2 3 |  3.1
Crossbows      | 1 2 3 |  3.1
Throwing       | 1 2 3 |  3.1
Armour         | 1 2 3 |  3.1
Shields        | 1 2 3 |  3.1
Unarmed Combat | 1 2 3 |  3.1
Evocations     | 1 2 3 |  3.1
Conjurations   | 1 2 |  2.5
Hexes          | 1 2 |  2.5
Summonings     | 1 2 |  2.5
Necromancy     | 1 2 |  2.5
Translocations | 1 2 |  2.5
Transmutations | 1 2 |  2.5
Fire Magic     | 1 2 |  2.5
Air Magic      | 1 2 |  2.5
Earth Magic    | 1 2 |  2.5
Poison Magic   | 1 2 |  2.5
Dodging        | 5 |  5.6
Stealth        | 5 |  5.3
Ice Magic      | |  7.6

Action                   |  1- 3 |  4- 6 |  7- 9 || total
-------------------------+-------+-------+-------++-------
Melee: Whip              |    31 |       |       ||    31
       Bite              |     3 |     5 |     8 ||    16
       Dagger            |    14 |    34 |       ||    48
       Flail             |       |    15 |    42 ||    57
       Punch             |       |     1 |     2 ||     3
 Fire: Hunting sling     |    16 |    48 |    31 ||    95
Throw: Stone             |     1 |       |       ||     1
       Javelin           |       |     4 |     6 ||    10
 Cast: Freeze            |    18 |     3 |       ||    21
       Frozen Ramparts   |     2 |     7 |     6 ||    15
Evoke: Wand              |       |     1 |       ||     1
 Stab: Sleeping          |     4 |     2 |       ||     6
Armor: Robe              |    14 |     6 |       ||    20
       Leather armour    |       |       |     4 ||     4
Dodge: Dodged            |    51 |    37 |    41 ||   129
